 Dungeon Crawl Stone Soup version 0.26-a0-113-gd8a95b691d (webtiles) character file.

Game seed: 12310881530829079559

396 Gargoyl the Distorting Centaur (level 6, -1/51 HPs)
             Began as a Centaur Abyssal Knight on June 27, 2020.
             Was a Believer of Lugonu.
             Slain by Grinder (7 damage)
             ... while paralysed by Grinder
             ... on level 5 of the Dungeon.
             The game lasted 00:05:22 (5032 turns).

Gargoyl the Distorting Centaur (CeAK)               Turns: 5032, Time: 00:05:23

Health: -1/51      AC:  4    Str: 15    XL:     6   Next: 52%
Magic:  8/8        EV:  1    Int: 11    God:    Lugonu [**....]
Gold:   286        SH:  0    Dex: 10    Spells: 5/5 levels left

rFire    . . .     SeeInvis +   a - +3 hand axe
rCold    + . .     Faith    .   i - +0 buckler
rNeg     . . .     Spirit   .   (no armour)
rPois    .         Reflect  .   (no helmet)
rElec    .         Harm     .   q - +0 cloak
rCorr    .         Rnd*Rage +   (no gloves)
MR       .....                  (no barding)
Stlth    +.........             (no amulet)
HPRegen  0.17/turn              k - ring of protection from cold
MPRegen  0.11/turn              (no ring)

@: paralysed, very quick
A: large, hooves 3, see invisible, berserk 1, deformed body, speed 2, tough skin
3
a: Depart the Abyss, Bend Space, Renounce Religion


You were on level 5 of the Dungeon.
You worshipped Lugonu.
Lugonu was pleased with you.
You were not hungry.

You visited 1 branch of the dungeon, and saw 5 of its levels.
You visited the Abyss 1 time.

You collected 286 gold pieces.

Inventory:

Hand Weapons
 a - a +3 hand axe (weapon)
Missiles
 m - 5 javelins (quivered)
Armour
 e - the +1 chain mail of Faeme {*Corrode Str+4 Int+3}
   (You found it on level 2 of the Abyss)

   It affects your strength (+4).
   It affects your intelligence (+3).
   It may corrode you when you take damage.
 i - a +0 buckler (worn)
 q - a +0 cloak (worn)
 w - a +0 chain mail of magic resistance
Jewellery
 k - a ring of protection from cold (left hand)
Wands
 b - a wand of paralysis (6)
 s - a wand of polymorph (8)
 t - a wand of flame (21)
Scrolls
 g - 3 scrolls of teleportation
 j - 3 scrolls of identify
 l - 2 scrolls of remove curse
 p - 3 scrolls of magic mapping
 r - 2 scrolls of enchant armour {unknown}
 u - a scroll of blinking {unknown}
Potions
 d - 2 potions of haste
 f - 4 potions of curing
 h - a potion of flight
 n - 2 potions of might
 o - 2 potions of stabbing
Comestibles
 c - 6 rations
 v - 2 chunks of flesh


   Skills:
 + Level 3.4 Fighting
 + Level 3.3 Axes
 + Level 0.2 Throwing
 * Level 3.2 Armour
 + Level 1.5 Dodging
 * Level 0.7 Shields
 * Level 3.7 Invocations
 + Level 0.2 Evocations


You had 5 spell levels left.
You didn't know any spells.
Your spell library was empty.

Dungeon Overview and Level Annotations

Branches:
Dungeon (5/15)
 Temple: D:4-7

Altars:
Ru
The Shining One

Annotations:
D:5 Grinder


Innate Abilities, Weirdness & Mutations

You have hooves in place of feet.
Armour fits poorly on your strangely shaped body.
You cover ground very quickly.
You have extremely tough skin. (AC +3)
You have supernaturally acute eyesight. (SInv)
You tend to lose your temper in combat.


Message History

You continue taking off the +1 chain mail of Faeme {*Corrode Str+4 Int+3}.
Grinder shouts!
You continue taking off the +1 chain mail of Faeme {*Corrode Str+4 Int+3}. x3
You finish taking off the +1 chain mail of Faeme {*Corrode Str+4 Int+3}.
Grinder hits you.
You writhe in agony.
There is a stone staircase leading up, spattered with blood here.
You closely miss Grinder. Grinder gestures at you.
You suddenly lose the ability to move!
Grinder gestures at you. Pain shoots through your body! Grinder hits you.
You writhe in agony.
Grinder hits you!
* * * LOW HITPOINT WARNING * * *
You writhe in agony.
* * * LOW HITPOINT WARNING * * *
Grinder hits you!
* * * LOW HITPOINT WARNING * * *
Grinder hits you!
You die...

#...## ##+ ##....#
.##..##....#
.....###.###
#...##....##
#..........#....#
#..........#...[##
#....5.).#.......#
####....@..##......#
###.#......^####(....#
##......###.....#.....#.
#.........#.............
..<.......#............#
................#......#
#......O.......#......#
###...#..##............
......###........#.....#


You could see Grinder.

Vanquished Creatures
  2 ogres
  2 howler monkeys
  A worker ant (D:4)
  3 adders
  An ooze (D:1)
  2 worms
  3 dart slugs (D:1)
  3 leopard geckos
  8 orcs
  6 bats
  9 giant cockroaches
  7 goblins
  3 hobgoblins
  2 jackals (D:4)
  3 quokkas
  8 frilled lizards
  9 kobolds
  5 rats
77 creatures vanquished.

Notes
Turn   | Place    | Note
-------+----------+-------------------------------------------
     0 | Abyss:1  | Gargoyl the Centaur Abyssal Knight began the quest for the
                  | Orb.
     0 | Abyss:1  | Reached XP level 1. HP: 19/19 MP: 2/2
    72 | Abyss:1  | Noticed a thrashing horror
   116 | Abyss:2  | Found a corrupted altar of Lugonu.
   121 | Abyss:2  | Got a faintly glowing chain mail
   137 | Abyss:2  | Identified the cursed +1 chain mail of Faeme {*Corrode
                  | Str+4 Int+3} (You found it on level 2 of the Abyss)
   192 | Abyss:4  | Noticed an ancient zyme
   212 | Abyss:4  | Noticed a wretched star
   229 | Abyss:4  | Noticed a neqoxec
   231 | D:1      | Escaped the Abyss
   711 | D:1      | Reached skill level 1 in Dodging
   715 | D:1      | Reached XP level 2. HP: 26/26 MP: 3/3
   939 | D:1      | Reached * piety under Lugonu
   964 | D:1      | Found a glowing golden altar of the Shining One.
  1265 | D:1      | Reached XP level 3. HP: 31/31 MP: 4/4
  2452 | D:3      | Reached XP level 4. HP: 38/38 MP: 6/6
  2523 | D:3      | Reached ** piety under Lugonu
  3336 | D:3      | Found a sacrificial altar of Ru.
  3463 | D:4      | Gained mutation: You tend to lose your temper in combat.
                  | [potion of mutation]
  3463 | D:4      | Gained mutation: You have supernaturally acute eyesight.
                  | (SInv) [potion of mutation]
  3838 | D:4      | Reached XP level 5. HP: 16/45 MP: 7/7
  4510 | D:5      | Entered Level 5 of the Dungeon
  4543 | D:5      | Noticed an ogre
  4550 | D:5      | Killed an ogre
  4550 | D:5      | Reached XP level 6. HP: 31/51 MP: 8/8
  5013 | D:5      | Noticed Grinder
  5027 | D:5      | Paralysed by Grinder for 7 turns
  5032 | D:5      | Slain by Grinder

Illustrated notes

Levels and vault maps discovered:
D:1:      tarquinn_simple_flora_water_f, layout_basic, tso_metal_star
D:2:      layout_loops_ring, minmay_split_cup_large
D:3:      layout_loops_ring, lemuel_round_altar, portal_sewer_entry_d,
          chequers_serial_rivers_marsh
D:4:      layout_layer_cave
D:5:      layout_cave_pools, first_ration, serial_rivers,
          chequers_serial_rivers_micro_d, chequers_serial_rivers_micro_a,
          chequers_serial_rivers_small_b, chequers_serial_rivers_micro_d,
          serial_shops, kennysheep_little_box, minmay_manual_maat, uniq_grinder

Skill      XL: |  1  2  3  4  5  6 |
---------------+-------------------+-----
Dodging        | 1 |  1.5
Axes           | 2 3 |  3.3
Armour         | 2 3 |  3.2
Invocations    | 3 |  3.7
Fighting       | |  3.4
Throwing       | |  0.2
Shields        | |  0.7
Evocations     | |  0.2

Action                   |  1- 3 |  4- 6 || total
-------------------------+-------+-------++-------
Melee: Hand axe          |   133 |   101 ||   234
       Kick              |    20 |    21 ||    41
Throw: Javelin           |       |     2 ||     2
Invok: Depart the Abyss  |     1 |       ||     1
Evoke: Wand              |     7 |       ||     7
  Use: Scroll            |     6 |     5 ||    11
       Potion            |     1 |     1 ||     2
 Stab: Paralysed         |    12 |       ||    12
  Eat: Chunk             |     4 |     5 ||     9
       Ration            |       |     1 ||     1
Armor: Chain mail        |    94 |    64 ||   158
Dodge: Dodged            |    38 |    29 ||    67
Block: Buckler           |       |     4 ||     4

Table legend:
 A = Non-vault XP
 B = Vault XP
 C = Vault XP percentage of total XP
 D = Non-vault monster count
 E = Vault monster count
 F = Vault count percentage of total count
                 A         B        C        D         E       F
            +---------+---------+-------+---------+---------+-------
      Total |     546 |      20 |   3.5 |      72 |       5 |   6.5
            +---------+---------+-------+---------+---------+-------
        D:1 |      50 |       0 |   0.0 |      26 |       0 |   0.0
        D:2 |      35 |       5 |  12.5 |      12 |       3 |  20.0
        D:3 |      47 |      13 |  21.7 |      18 |       1 |   5.3
        D:4 |     236 |       2 |   0.8 |      12 |       1 |   7.7
        D:5 |     178 |       0 |   0.0 |       4 |       0 |   0.0
            +---------+---------+-------+---------+---------+-------
